Description

Variation to pigs mech tvz where instead of cyclones we are going for cloaked banshees or a 2nd factory for early siege tank production

Build Order

Get SALT Encoding   

  12  0:01  SCV  
  13  0:13  SCV  
  14  0:17  Supply Depot  
  14  0:25  SCV  
  15  0:39  SCV  
  15  0:41  Barracks  
  16  0:45  Refinery  
  16  0:51  SCV  
  17  1:03  SCV  
  18  1:15  SCV  
  19  1:29  Orbital Command, Reaper  
  20  1:40  Command Center  
  20  1:49  Refinery  
  20  1:56  SCV  
  20  2:01  Supply Depot  
  20  2:02  Marine  
  23  2:04  Factory, Barracks Reactor  
  22  2:08  SCV  
  23  2:20  SCV  
  26  2:55  Orbital Command  
  26  2:52  Barracks Tech Lab  
  26  3:00  Starport  
  26  3:03  Hellion x2  
  30  3:05  Supply Depot  
  31  3:25  Hellion x2  
  37  3:36  Viking  cloak if no scout, fake cloak into factory/2x armory/or drops if scouted.
  41  3:49  Supply Depot  
  41  3:53  Hellion x2  
  50  4:15  Banshee, Command Center  start siege tanks instead if cloak was cancled
  50  4:30  Armory, Refinery x2  
  55  4:31  Hellion x2  
  61  4:44  Supply Depot  
  62  5:10  Factory x2, Barracks Tech Lab  
  60  5:15  Terran Vehicle Weapons Level 1, Supply Depot  
  64  5:13  Orbital Command  
  64  5:35  Barracks Tech Lab  
  64  5:55  Barracks Reactor  
  66  6:00  Supply Depot, Engineering Bay, Refinery x2  
  74  6:15  Infernal Pre-Igniter  
  74  6:00  Thor  
  74  6:10  Thor  
  74  6:30  Missile Turret x4, Medivac x2  
  73  6:27  Refinery  
  90  7:01  Siege Tank  
  94  7:12  Siege Tank  
  78  6:38  Armory  
  106  7:26  Terran Vehicle And Ship Armor Level 1  
  107  7:32  Factory  
  108  7:37  Siege Tank  
  116  7:51  Siege Tank  
  118  8:01  Viking  
  124  8:09  Siege Tank  
  129  8:23  Siege Tank  
  136  8:38  Factory Tech Lab x2  
  140  8:41  Siege Tank  
  140  8:42  Command Center  
  143  8:55  Siege Tank  
  146  9:13  Thor  
  146  9:15  Engineering Bay  
  153  9:19  Terran Vehicle Weapons Level 2  
  153  9:21  Terran Vehicle And Ship Armor Level 2  
  153  9:22  Siege Tank x2  
  166  9:34  Refinery x2  
Spawning Tool Build Advisor. Get it on Overwolf

Go to:

Details

  • Created by: thedeadlymedic
  • Published on: Jun 02, 2018
  • Modified on: Jun 25, 2018
  • Patch: 4.0.0
Show
View Real Time Build Order
Export as new Build Order

Comments (0)

There are no comments. Be the first!

Create an account to comment!